 Dungeon Crawl Stone Soup version 0.30-a0-591-g3c58d2bc28 (webtiles) character file.

Game seed: 18234246325981042348

9457 wormed the Transmogrifier (level 11, -13/88 HPs)
             Began as an Octopode Transmuter on Jan 4, 2023.
             Was an Initiate of Gozag.
             Mangled by a two-headed ogre
             ... wielding a +0 giant club
              (27 damage)
             ... on level 10 of the Dungeon.
             The game lasted 00:19:13 (12618 turns).

wormed the Transmogrifier (Octopode Transmuter)    Turns: 12618, Time: 00:19:13

Health: -13/88     AC:  9    Str: 15    XL:     11   Next: 46%
Magic:  15/20      EV: 15    Int: 20    God:    Gozag
Gold:   686        SH:  0    Dex: 25    Spells: 11/23 levels left

rFire   x . .      SeeInvis +      - Unarmed
rCold   + + +      Faith    +    (shield currently unavailable)
rNeg    . . .      Spirit   .    (helmet currently unavailable)
rPois   +          Reflect  .    B - amulet of Sloth {Faith Rampage +Inv SInv}
rElec   .          Harm     .    f - ring of willpower
rCorr   +          Rampage  +    a - +6 ring of strength
Will    +....                    c - +6 ring of dexterity
Stlth   ++                       r - ring of resist corrosion
HPRegen 0.34/turn                w - +4 ring of slaying
MPRegen 0.17/turn                d - +6 ring of dexterity
                                 (no ring)
                                 (no ring)

@: ice-form, wereblooded
A: freezing attack, boosted hp, almost no armour, amphibious, 8 rings, large,
(camouflage 1), (gelatinous body 1), (nimble swimmer 1), (tentacles)
a: End Transformation, Renounce Religion, Evoke Invisibility, Potion Petition,
Call Merchant, Bribe Branch


You were on level 10 of the Dungeon.
You worshipped Gozag.
Gozag was pleased with you.
You were a creature of crystalline ice.
You visited 2 branches of the dungeon, and saw 11 of its levels.

You collected 1459 gold pieces.
You paid 773 gold pieces to Gozag.

Inventory:

Armour
 v - a +2 hat (melded)
Jewellery
 a - a +6 ring of strength (right front paw)
 c - a +6 ring of dexterity (on tentacle)
 d - a +6 ring of dexterity (on tentacle)
 f - a ring of willpower (left front paw)
 m - a ring of ice
 r - a ring of resist corrosion (on tentacle)
 w - a +4 ring of slaying (on tentacle)
 B - the amulet of Sloth (around neck) {Faith Rampage +Inv SInv}
   (You found it on level 9 of the Dungeon)

   [amulet of faith]

   It allows you to gain divine favour quickly.
   SInv:      It lets you see invisible.
   +Inv:      It lets you turn invisible.
   Rampage:   It bestows one free step when moving towards enemies.
Wands
 q - a wand of flame (64)
 y - a wand of mindburst (5)
 C - a wand of charming (1) (quivered)
 E - a wand of roots (5)
Scrolls
 b - 3 scrolls of vulnerability
 e - 3 scrolls of teleportation
 k - 4 scrolls of enchant armour
 l - 2 scrolls of magic mapping
 n - 2 scrolls of amnesia
 p - 2 scrolls of enchant weapon
 u - 2 scrolls of fog
Potions
 g - a potion of invisibility
 h - 2 potions of mutation
 i - 3 potions of magic
 j - 2 potions of brilliance
 o - a potion of ambrosia {unknown}
 s - a potion of attraction {unknown}
 t - 2 potions of lignification
 x - 3 potions of curing
 z - 2 potions of heal wounds {unknown}
 A - a potion of flight {unknown}
 D - a potion of degeneration {unknown}


   Skills:
 + Level 6.7 Fighting
 + Level 7.2 Dodging
 + Level 7.6 Unarmed Combat
 + Level 6.6 Spellcasting
 * Level 10.1 Transmutations
 - Level 5.0 Ice Magic


You had 11 spell levels left.
You knew the following spells:

 Your Spells              Type           Power      Damage    Failure   Level
a - Ice Form              Ice/Tmut       36%        N/A       4%          4
b - Wereblood             Tmut           47%        N/A       1%          2
c - Ozocubu's Armour      Ice            26%        N/A       3%          3
d - Blink                 Tloc           12%        N/A       16%         2
e - Beastly Appendage     Tmut           94%        N/A       1%          1

Your spell library contained the following spells:

 Spells                   Type           Power      Damage    Failure   Level
 Spider Form              Tmut/Pois      26%        N/A       3%          3
 Ensorcelled Hibernation  Hex/Ice        32%        N/A       5%          2
 Magic Dart               Conj           24%        1d4       10%         1
 Momentum Strike          Conj/Tloc      12%        3d8       16%         2
 Searing Ray              Conj           12%        2d4       16%         2
 Lesser Beckoning         Tloc           12%        N/A       30%         3
 Anguish                  Hex/Necr       3%         N/A       69%         4
 Fulminant Prism          Conj/Hex       3%         3d5       69%         4
 Metabolic Englaciation   Hex/Ice        8%         N/A       69%         5
 Simulacrum               Ice/Necr       Unusable   N/A       N/A         6

Dungeon Overview and Level Annotations

Branches:
Dungeon (10/15)            Temple (1/1) D:7
   Lair: D:8-11         Orc: D:9-12

Altars:
Ashenzari
Cheibriados
Dithmenos
Elyvilon
Fedhas
Gozag
Hepliaklqana
Kikubaaqudgha
Makhleb
Nemelex Xobeh
Okawaru
Qazlal
Ru
Sif Muna
Trog
Uskayaw
Vehumet
Wu Jian
Xom
Yredelemnul
Zin
The Shining One

Annotations:
D:9 sirJeffrey23's ghost, novice TrMo


Innate Abilities, Weirdness & Mutations

You are a creature of crystalline ice.
You have a powerful freezing melee attack.
Your maximum health is increased.
Your armour is entirely melded.
You are incapable of wielding weapons or throwing items.
You cannot wear most types of armour.
You are amphibious.
You can wear up to eight rings at the same time.
((Your skin changes colour to match your surroundings (Stealth+).))
((Your rubbery body absorbs attacks. (AC +1, EV +1)))
((You are camouflaged when in or above water. (Stealth+)))
((You have tentacles for arms and can constrict up to eight enemies at once.))


Message History

You start waiting.
Done waiting.
You start waiting.
Done waiting.
You start waiting.
Done waiting.
You start waiting.
Done waiting.
You start putting on your armour.
You continue putting on your +2 hat. x4
You finish putting on your +2 hat.
There is a stone staircase leading down, spattered with blood here.
You climb downwards.
Level annotation: sirJeffrey23's ghost, novice TrMo
There is a stone staircase leading up here.
There is a stone staircase leading down here.
You climb downwards.
The two-headed ogre hits you with a +0 giant club.
The two-headed ogre hits you with a +0 giant club!!
There is a stone staircase leading up, spattered with blood here.
Casting: Wereblood (safe; 1% risk of failure)
Confirm with . or Enter, or press ? or * to list all spells.
You turn into a creature of crystalline ice.
Your +2 hat melds into your body.
The two-headed ogre hits you with a +0 giant club.
The two-headed ogre misses you.
Casting: Ice Form (dangerous; 4% risk of failure)
Confirm with . or Enter, or press ? or * to list all spells.
Your blood is infused with primal strength.
The two-headed ogre barely misses you.
The two-headed ogre hits you with a +0 giant club!
There is an open door here.
The two-headed ogre attacks as you move away!
The two-headed ogre hits you with a +0 giant club!
The two-headed ogre closely misses you.
The two-headed ogre attacks as you move away!
The two-headed ogre hits you with a +0 giant club!
* * * LOW HITPOINT WARNING * * *
The two-headed ogre hits you with a +0 giant club!!
You die...
Your body crumbles into a pile of gold.

########.## #.......# ##.8...8.##
#.# #.##....# ##.....### #.#
#.##.##.# ##...##.. ##'##
#.##.##.# ##'###.#
##...###.##.##.# #...#.#
##.....##.......# ###...# #
##.......####.#.### ###..
####.....<...#.......##########..
...'.........'.OY................
####........>#.##....######......
# ##.......##.......# #.>....
##.....#########.# #..##.#
##...## #.# #..##.# ##+## #.#
#..##.# #.# #.# #..##.# ##.####
#.# #..##.# #.....# #.# #......


You could see a two-headed ogre.

Vanquished Creatures
  Pikel (D:7)
  Maurice (D:9)
  An unseen horror (D:10)
  2 kobold demonologists (D:10)
  Grinder (D:5)
  2 wyverns
  A steam dragon (D:9)
  19 yaks
  Eustachio (D:5)
  2 water moccasins (D:7)
  An ice beast (D:5)
  A sky beast (D:7)
  5 orc warriors
  3 centaurs
  A lemure (D:7)
  4 phantoms
  A necrophage (D:6)
  4 kobold brigands (D:10)
  A gnoll sergeant (D:7)
  3 bullfrogs
  3 scorpions
  9 wights (D:9)
  9 killer bees
  12 howler monkeys
  2 hounds (D:5)
  2 jellies (D:4)
  3 orc priests
  A gnoll bouda (D:6)
  Natasha (thrice) (D:2)
  Terence (D:2)
  7 iguanas
  8 orc wizards
  3 gnolls (D:6)
  8 adders
  2 shadow imps (D:7)
  4 white imps
  An ufetubus (D:6)
  A worm (D:5)
  34 orcs
  6 ball pythons
  8 bats
  8 endoplasms
  5 giant cockroaches
  2 goblins (D:2)
  10 hobgoblins
  3 jackals (D:4)
  16 kobolds
  2 quokkas
  2 frilled lizards
  3 rats
233 creatures vanquished.

Notes
Turn   | Place    | Note
-------+----------+-------------------------------------------
     0 | D:1      | wormed the Octopode Transmuter began the quest for the Orb.
     0 | D:1      | Reached XP level 1. HP: 13/13 MP: 3/3
   224 | D:1      | Reached XP level 2. HP: 18/18 MP: 3/5
   320 | D:1      | Learned a level 2 spell: Wereblood
   626 | D:1      | Reached XP level 3. HP: 23/23 MP: 2/6
  1694 | D:2      | Noticed Terence
  1696 | D:2      | Reached skill level 1 in Ice Magic
  1701 | D:2      | Killed Terence
  1702 | D:2      | Reached skill level 3 in Transmutations
  1702 | D:2      | Reached XP level 4. HP: 15/28 MP: 5/7
  1716 | D:2      | Noticed Natasha
  2557 | D:2      | Killed Natasha
  2582 | D:2      | Noticed Natasha
  2643 | D:2      | Killed Natasha
  2644 | D:2      | Reached XP level 5. HP: 22/34 MP: 5/8
  2837 | D:2      | Noticed Natasha
  2850 | D:2      | Killed Natasha
  4147 | D:3      | Found a faded altar of an unknown god.
  4150 | D:3      | Found a basalt altar of Yredelemnul.
  4187 | D:3      | Identified a scroll of acquirement
  4187 | D:3      | Acquired a +6 ring of strength
  4244 | D:4      | Reached XP level 6. HP: 19/39 MP: 5/10
  4344 | D:4      | Reached skill level 4 in Transmutations
  4617 | D:4      | Reached XP level 7. HP: 45/45 MP: 8/11
  4619 | D:4      | Identified the +6 hand axe of Tumult {holy, *Corrode rElec
                  | rPois Int-3}
  4687 | D:4      | Learned a level 4 spell: Ice Form
  4690 | D:4      | Learned a level 2 spell: Blink
  4779 | D:4      | Found a glowing silver altar of Zin.
  4779 | D:4      | Found a sparkling altar of Nemelex Xobeh.
  5078 | D:5      | Entered Level 5 of the Dungeon
  5083 | D:5      | Found a shimmering altar of Xom.
  5083 | D:5      | Found a shimmering altar of Xom.
  5083 | D:5      | Found a shimmering altar of Xom.
  5084 | D:5      | Found a shimmering altar of Xom.
  5084 | D:5      | Found a shimmering altar of Xom.
  5109 | D:5      | Found a shimmering altar of Xom.
  5109 | D:5      | Found a shimmering altar of Xom.
  5227 | D:5      | Noticed Eustachio
  5241 | D:5      | Killed Eustachio
  5357 | D:5      | Reached skill level 5 in Transmutations
  5637 | D:5      | Reached XP level 8. HP: 16/52 MP: 8/13
  6152 | D:5      | Noticed Grinder
  6483 | D:6      | Found an iron altar of Okawaru.
  6488 | D:6      | Learned a level 3 spell: Ozocubu's Armour
  6548 | D:6      | Reached skill level 5 in Unarmed Combat
  6555 | D:6      | Reached skill level 6 in Transmutations
  7118 | D:6      | Found an ancient bone altar of Kikubaaqudgha.
  7121 | D:6      | Found a blossoming altar of Fedhas.
  7343 | D:7      | Reached XP level 9. HP: 58/58 MP: 10/15
  7638 | D:7      | Found a staircase to the Ecumenical Temple.
  7652 | Temple   | Entered the Ecumenical Temple
  7744 | Temple   | Became a worshipper of Gozag Ym Sagoz the Greedy
  8028 | D:5      | Reached skill level 5 in Dodging
  8095 | D:5      | Killed Grinder
  8096 | D:5      | Reached skill level 7 in Transmutations
  8259 | D:5      | Found a broken altar of Ashenzari.
  8449 | D:7      | Noticed Pikel
  8853 | D:7      | Killed Pikel
  8854 | D:7      | Reached skill level 5 in Fighting
  8854 | D:7      | Reached skill level 5 in Spellcasting
  8854 | D:7      | Reached XP level 10. HP: 66/66 MP: 11/17
  9126 | D:8      | Found a stormy altar of Qazlal.
  9170 | D:8      | Reached skill level 5 in Ice Magic
  9179 | D:8      | Reached skill level 8 in Transmutations
  9265 | D:8      | Found a radiant altar of Vehumet.
  9670 | D:8      | Found a runed translucent gate.
  9670 | D:8      | Found a runed translucent gate.
  9670 | D:8      | Found a runed translucent gate.
  9671 | D:8      | Noticed sirJeffrey23's ghost (novice TrMo)
  9934 | D:9      | Noticed a death yak
 10067 | D:10     | Entered Level 10 of the Dungeon
 10067 | D:10     | Noticed a kobold demonologist
 10068 | D:10     | Noticed a kobold demonologist
 10076 | D:10     | Killed a kobold demonologist
 10079 | D:10     | Killed a kobold demonologist
 10246 | D:10     | Killed an unseen horror
 10377 | D:10     | Reached skill level 9 in Transmutations
 10508 | D:10     | Found an ornate altar of the Wu Jian Council.
 10622 | D:10     | Reached XP level 11. HP: 72/72 MP: 15/20
 10910 | D:10     | Noticed a two-headed ogre
 11222 | D:9      | Found a burning altar of Makhleb.
 11315 | D:9      | Identified the amulet of Sloth {Faith Rampage +Inv SInv}
 11394 | D:9      | Noticed Maurice
 11408 | D:9      | Killed Maurice
 11419 | D:9      | Reached skill level 10 in Transmutations
 11578 | D:9      | Noticed a death yak
 12618 | D:10     | Mangled by a two-headed ogre

Illustrated notes

Levels and vault maps discovered:
D:1:      mrwooster_arrival_statue_3, layout_basic
D:2:      layout_rooms, uniq_natasha, uniq_terence
D:3:      layout_loops_ring, nicolae_overflow_ecumenical_swirl
D:4:      layout_basic, gammafunk_temple_overflow_wave
D:5:      layout_basic, nicolae_xom_altar_mimics, lemuel_crystal_altar,
          nicolae_elevator_lobby_asterisk, uniq_grinder, uniq_eustachio
D:6:      layout_basic, mainiacjoe_overflow_catwalk,
          grunt_temple_overflow_growth_and_decay, nicolae_figureground_pulse
D:7:      layout_rooms, minmay_temple_entry_stoned_glass,
          nicolae_concentric_dashed_squares_mild, minmay_alternating_orb,
          uniq_pikel
D:8:      layout_cave_pools, nicolae_qazlal_general_emergency,
          fiery_altar_vehumet, biasface_ghost_orc_armoury
D:9:      layout_roguey, bloody_makhleb, dpeg_lair_monsters,
          lightli_corner_chamber, uniq_maurice
D:10:     layout_loops_corners, mainiacjoe_overflow_alcove_1, dk_noncrumbling_3
Temple:   compressed_dpeg_circular_temple

Skill      XL: |  1  2  3  4  5  6  7  8  9 10 11 |
---------------+----------------------------------+-----
Ice Magic      | 1 2 3 4 5 |  5.0
Transmutations | 3 4 5 6 7 9 10 | 10.1
Fighting       | 2 3 4 5 6 |  6.7
Dodging        | 3 4 5 6 7 |  7.2
Unarmed Combat | 4 5 6 7 |  7.6
Spellcasting   | 3 4 5 6 |  6.6

Action                   |  1- 3 |  4- 6 |  7- 9 | 10-12 || total
-------------------------+-------+-------+-------+-------++-------
Melee: Unarmed           |    91 |   113 |   222 |   200 ||   626
       Tentacles         |    19 |    25 |    23 |       ||    67
       Kick              |    27 |    34 |    34 |       ||    95
       Constrict         |    23 |    29 |    22 |       ||    74
       Punch             |     2 |     2 |     9 |       ||    13
 Cast: Beastly Appendage |    22 |    22 |    20 |       ||    64
       Wereblood         |    16 |    22 |    34 |    24 ||    96
       Ice Form          |       |       |    14 |    25 ||    39
Invok: Potion Petition   |       |       |       |     2 ||     2
Evoke: Wand              |       |       |       |     3 ||     3
  Use: Scroll            |       |     9 |     6 |     7 ||    22
       Potion            |       |     1 |     3 |     1 ||     5
 Stab: Sleeping          |     3 |     1 |       |     1 ||     5
       Distracted        |     1 |       |       |     3 ||     4
Armor: Skin              |    13 |    14 |    44 |    56 ||   127
Dodge: Dodged            |    56 |    61 |   128 |   124 ||   369

Table legend: (Time is in decaauts)
 A = Elapsed time spent in this place.
 B = Non-inter-level travel time spent in this place.
 C = Inter-level travel time spent in this place.
 D = Time resting spent in this place.
 E = Time spent auto-exploring this place.
 F = Levels seen in this place.
 G = Mean time per level.
                   A        B        C        D        E       F      G
               +--------+--------+--------+--------+--------+-----+--------+
         Total |  12539 |  12093 |    446 |   2078 |   8074 |  11 | 1139.9 |
       Dungeon |  12435 |  11989 |    446 |   2078 |   8007 |  10 | 1243.5 |
        Temple |    104 |    104 |      0 |      0 |     67 |   1 |  104.0 |
               +--------+--------+--------+--------+--------+-----+--------+

Top non-repeatable levels by time:
     D:1: 2046 daAuts
     D:8: 1712 daAuts
     D:5: 1506 daAuts
     D:6: 1239 daAuts
     D:2: 1130 daAuts
     D:3: 1067 daAuts
     D:9: 987 daAuts
     D:7: 963 daAuts
     D:4: 896 daAuts
    D:10: 884 daAuts
  Temple: 104 daAuts
